Map: [ESL] Waterfall

Players

Spirit (souL)

  • Race: Terran Terran
  • Spawn Location: 7:00

Lambo - Winner!

  • Race: Zerg Zerg
  • League: Master
  • Spawn Location: 1:00

Event: HomeStory Cup XXI

VOD

Have the link to the VOD?

Description

Time

  • Played on: July 23, 2022, 9:05 a.m.
  • Length: 14:24

All games in this series

Show
View Real Time Build Order
Export as new Build Order

Spirit Terran 

Build Orders: Reaper Expand, Hellion Banshee 

Get SALT Encoding   

  12  0:00  SCV  
  13  0:12  SCV  
  14  0:17  Supply Depot  
  14  0:24  SCV  
  15  0:38  SCV  
  15  0:40  Barracks  
  16  0:44  Refinery  
  16  0:50  SCV  
  17  1:03  SCV  
  18  1:15  SCV  
  19  1:26  Reaper  
  19  1:27  Orbital Command  
  20  1:39  Command Center  
  20  1:47  Supply Depot  
  20  1:52  SCV  
  21  1:58  Marine  
  22  2:05  SCV  
  23  2:11  Factory  
  23  2:16  Marine  
  23  2:17  SCV  
  25  2:29  SCV  
  26  2:35  Barracks Reactor  
  26  2:41  SCV  
  27  2:45  Command Center  
  27  2:55  SCV  
  28  2:59  Starport  
  28  3:05  Refinery  
  28  3:07  SCV  
  28  3:09  Orbital Command  
  29  3:19  Hellion, SCV  
  32  3:24  Hellion  
  34  3:31  Barracks Tech Lab, SCV  
  35  3:35  SCV  
  36  3:44  Hellion, SCV  
  36  3:46  Hellion  
  36  3:47  SCV  
  42  3:56  Bunker  
  42  3:57  Banshee  
  42  3:58  Marine  
  42  4:00  Orbital Command  
  46  4:04  SCV  
  46  4:08  Hellion  
  49  4:12  SCV  
  49  4:16  SCV  
  51  4:17  Marine  
  51  4:18  Hellion  
  51  4:28  SCV  
  51  4:30  SCV  
  42  4:39  SCV  
  42  4:40  Banshee  
  42  4:41  SCV  
  42  4:42  SCV  
  42  4:50  Factory Tech Lab  
  42  4:51  SCV  
  33  4:54  SCV x2  
  33  4:56  Factory Tech Lab  
  33  5:02  Cloaking Field  
  33  5:03  SCV  
  33  5:06  SCV  
  33  5:07  SCV  
  33  5:14  Factory Reactor  
  33  5:15  SCV  
  33  5:18  SCV  
  33  5:19  SCV  
  33  5:27  SCV  
  33  5:30  SCV  
  33  5:31  SCV  
  35  5:39  Barracks Tech Lab  
  35  5:40  SCV  
  35  5:41  Factory Reactor  
  35  5:42  SCV  
  37  5:43  SCV  
  38  5:51  Supply Depot  
  38  5:52  SCV  
  38  5:54  SCV  
  38  5:55  SCV  
  41  5:59  Marine, Stimpack  
  42  6:04  Command Center  
  42  6:05  SCV  
  42  6:06  SCV  
  42  6:08  SCV  
  45  6:17  SCV, Marine  
  47  6:18  SCV  
  47  6:19  Barracks  
  47  6:20  SCV  
  47  6:23  Factory Reactor  
  49  6:26  Barracks  
  49  6:29  SCV  
  49  6:31  Starport Reactor, SCV, Supply Depot  
  49  6:32  SCV  
  52  6:41  Refinery x2, SCV  
  52  6:44  SCV  
  52  6:45  Engineering Bay x2  
  52  6:46  SCV  
  55  6:47  Marine  
  54  6:57  SCV  
  54  6:58  SCV  
  54  6:59  Orbital Command  
  54  7:00  Supply Depot  
  55  7:03  Barracks  
  55  7:04  Barracks  
  55  7:09  SCV  
  55  7:10  SCV, Marine  
  55  7:11  Marine  
  55  7:13  Siege Tank  
  62  7:18  SCV  
  62  7:21  SCV  
  62  7:22  SCV, Marine x2  
  66  7:28  SCV, Marine  
  69  7:31  SCV  
  69  7:32  Terran Infantry Armor Level 1, Terran Infantry Weapons Level 1  
  69  7:33  SCV  
  69  7:34  SCV  
  69  7:36  Marine  
  73  7:37  Marine  
  73  7:40  SCV  
  73  7:43  Bunker  
  75  7:45  SCV, Siege Tank  
  75  7:46  Bunker  
  75  7:50  Medivac x2  
  83  7:52  Barracks Tech Lab x2  
  83  7:54  SCV x2  
  83  7:57  Bunker, SCV  
  86  7:59  Marine  
  86  8:00  Marauder  
  89  8:05  Marine  
  89  8:06  SCV  
  89  8:08  Marine x2  
  89  8:09  SCV  
  89  8:10  Bunker  
  94  8:17  Siege Tank  
  94  8:19  Supply Depot  
  97  8:20  Medivac  
  97  8:21  Supply Depot  
  97  8:22  Marauder  
  97  8:23  Marauder x2  
  97  8:24  Refinery  
  97  8:26  Marine  
  106  8:29  Combat Shield  
  106  8:30  Concussive Shells  
  106  8:37  SCV  
  106  8:38  SCV  
  106  8:40  Supply Depot  
  106  8:41  SCV  
  109  8:43  Marauder  
  109  8:44  Marine, Marauder  
  109  8:45  Marauder  
  109  8:46  Marine  
  117  8:49  SCV  
  117  8:50  SCV  
  117  8:52  Refinery  
  117  8:53  SCV  
  117  8:54  Planetary Fortress  
  120  8:56  Marine  
  120  9:00  Siege Tank  
  120  9:02  SCV  
  125  9:05  Supply Depot x2, Marauder  
  125  9:06  Marauder  
  125  9:09  Marine, Marauder  
  132  9:16  Supply Depot  
  132  9:17  Supply Depot  
  132  9:26  SCV x3, Marine x3  
  132  9:27  Marine  
  132  9:28  Marine  
  132  9:30  Marine x2  
  139  9:33  Siege Tank  
  139  9:35  Armory  
  139  9:36  Supply Depot  
  142  9:38  SCV  
  142  9:39  Supply Depot  
  142  9:41  SCV x3  
  142  9:44  Marine x3  
  142  9:45  Marine  
  150  9:46  Supply Depot, Marine  
  150  9:47  Marine  
  150  9:48  Marine  
  150  9:51  SCV  
  150  9:54  SCV x2  
  153  10:02  Marine x3  
  153  10:03  Marine  
  153  10:04  Marine  
  153  10:05  Siege Tank, Marine x2  
  134  10:15  Command Center  
  134  10:18  SCV x2  
  134  10:20  Marine  
  136  10:21  Medivac  
  136  10:24  SCV  
  136  10:28  Terran Infantry Armor Level 2, Terran Infantry Weapons Level 2  
  139  10:30  SCV  
  139  10:32  Marine  
  139  10:33  Sensor Tower  
  139  10:34  Marine  
  139  10:35  Marine  
  143  10:42  Marauder x2  
  149  10:43  Marauder  
  149  10:48  Supply Depot  
  149  10:49  SCV, Supply Depot  
  150  10:54  Medivac x2  
  150  10:56  Marine  
  152  10:59  Marine  
  152  11:00  Marine  
  152  11:01  Marine  
  152  11:04  Marauder x2  
  156  11:10  Supply Depot  
  156  11:11  Supply Depot, Terran Vehicle Weapons Level 1  
  156  11:14  Marine  
  157  11:22  Supply Depot x2  
  157  11:23  Marine  
  157  11:24  Marine  
  157  11:26  Medivac  
  157  11:27  SCV, Marauder  
  157  11:32  SCV x2  
  154  11:34  Marine, Marauder x2  
  154  11:35  Marine  
  160  11:40  Siege Tank  
  160  11:41  Marine  
  160  11:42  Marine  
  160  11:43  Medivac  
  167  11:48  Marine  
  167  11:52  Marine  
  167  11:53  Marine  
  161  11:55  Marine  
  161  11:56  Medivac, Marauder  
  161  11:58  Marine  
  161  12:00  SCV  
  168  12:05  Marine  
  168  12:06  Ghost Academy  
  160  12:11  SCV  
  160  12:13  Medivac  
  154  12:18  SCV x2  
  158  12:23  Marauder  
  158  12:24  Refinery, SCV  
  158  12:25  Refinery  
  158  12:26  Medivac  
  158  12:27  Marine  
  158  12:28  Marauder  
  164  12:30  SCV x2  
  164  12:32  Refinery  
  164  12:35  Marine  
  164  12:36  SCV  
  159  12:38  Marine  
  159  12:43  Medivac  
  143  12:48  Siege Tank  
  143  12:49  Ghost x2  
  143  12:50  Ghost  
  150  12:51  Marine  
  150  12:52  SCV x4, Marine  
  156  13:01  Marine x2  
  156  13:04  SCV x3  
  159  13:09  Marine x2  
  159  13:16  SCV x2  
  159  13:18  Marine  
  159  13:19  Marine x3, Marauder  
  160  13:21  Medivac  
  127  13:27  Marine x2  
  123  13:36  Marine x2  
  123  13:37  Marine x2  
  123  13:38  SCV  
  123  13:39  SCV  
  123  13:40  Marine  
  130  13:44  Siege Tank  
  130  13:45  Marine x2  
  135  13:54  Marine x2  
  139  13:55  Marauder  
  139  13:57  SCV  
  139  14:01  Sensor Tower  
Show
View Real Time Build Order
Export as new Build Order

Lambo Zerg - Winner!

Build Orders: Pool First 

Get SALT Encoding   

  12  0:00  Drone  
  13  0:12  Overlord  
  13  0:16  Drone  
  14  0:31  Drone x2  
  14  0:35  Drone  
  17  0:44  Spawning Pool  
  17  0:47  Drone  
  17  1:08  Hatchery  
  17  1:11  Drone  
  17  1:14  Drone  
  17  1:16  Extractor  
  17  1:22  Drone  
  18  1:30  Queen  
  18  1:32  Zergling x2  
  21  1:42  Overlord  
  21  1:49  Drone  
  23  2:01  Drone  
  23  2:09  Queen  
  23  2:11  Drone  
  26  2:19  Hatchery  
  26  2:22  Drone  
  26  2:32  Roach Warren  
  26  2:34  Drone  
  25  2:38  Drone  
  25  2:42  Drone  
  27  2:44  Drone  
  28  2:52  Overlord  
  28  3:15  Roach x3  
  28  3:16  Roach x3  
  28  3:19  Roach  
  42  3:21  Roach  
  42  3:26  Overlord  
  44  3:32  Roach  
  44  3:33  Roach  
  48  3:45  Drone x3  
  51  3:57  Ravager, Overlord, Queen  
  51  3:59  Drone  
  51  4:01  Drone  
  56  4:03  Drone  
  56  4:07  Drone  
  58  4:16  Drone x5  
  63  4:19  Drone  
  63  4:21  Drone  
  65  4:24  Drone  
  66  4:42  Drone x3  
  66  4:48  Drone x2  
  66  4:52  Drone x2  
  66  4:58  Drone x2  
  66  5:00  Overlord  
  66  5:02  Drone x2  
  66  5:08  Overlord, Ravager  
  66  5:09  Drone  
  66  5:10  Overlord  
  66  5:11  Extractor  
  66  5:12  Extractor  
  61  5:15  Drone x5  
  61  5:18  Queen x2  
  70  5:21  Queen  
  70  5:23  Drone  
  70  5:28  Drone x2  
  71  5:30  Drone  
  71  5:32  Spore Crawler  
  71  5:33  Spore Crawler x2  
  67  5:38  Drone x3  
  67  5:39  Drone  
  67  5:41  Spore Crawler  
  70  5:44  Spore Crawler, Drone x2  
  70  5:47  Extractor, Drone x4  
  70  5:48  Drone  
  76  5:50  Drone  
  76  5:51  Evolution Chamber  
  76  5:52  Evolution Chamber  
  76  5:54  Lair  
  76  5:56  Drone  
  75  6:00  Drone x2  
  75  6:01  Drone x4  
  75  6:04  Extractor x2  
  80  6:06  Drone x2  
  80  6:07  Drone  
  80  6:09  Drone x2  
  84  6:19  Zerg Missile Weapons Level 1  
  84  6:21  Zerg Ground Armor Level 1  
  84  6:23  Roach  
  86  6:27  Hatchery  
  86  6:32  Roach x2  
  89  6:36  Drone x3  
  90  6:45  Overlord x2  
  90  6:48  Overlord  
  90  6:52  Overlord, Queen, Hatchery  
  90  6:56  Overlord x2  
  90  6:57  Glial Reconstitution, Metabolic Boost  
  90  6:58  Overlord  
  90  6:59  Overlord  
  90  7:02  Overseer  
  90  7:07  Roach x5  
  100  7:10  Drone x4  
  100  7:12  Roach  
  106  7:16  Roach  
  106  7:17  Baneling Nest  
  106  7:18  Ravager x3  
  106  7:21  Roach x2  
  113  7:25  Drone x4  
  115  7:30  Drone  
  115  7:31  Roach x3  
  122  7:39  Drone x4  
  126  7:44  Roach  
  126  7:51  Roach x4  
  136  7:54  Roach x2  
  136  7:55  Hatchery  
  145  7:58  Roach x3  
  145  8:00  Centrifugal Hooks  
  145  8:05  Infestation Pit  
  144  8:06  Roach  
  144  8:09  Drone x4  
  144  8:12  Spore Crawler  
  149  8:18  Roach x4  
  157  8:22  Zergling x6  
  157  8:24  Overlord  
  160  8:28  Overlord  
  160  8:29  Zerg Ground Armor Level 2, Overlord  
  160  8:34  Zerg Melee Weapons Level 1  
  160  8:37  Overlord  
  160  8:38  Overlord  
  160  8:43  Hive  
  160  8:44  Drone x5, Extractor  
  160  8:46  Drone  
  165  8:53  Drone x3  
  168  8:56  Drone  
  168  9:00  Zergling x18  
  168  9:01  Ravager  
  179  9:03  Pneumatized Carapace  
  179  9:14  Drone x5  
  184  9:19  Zergling x16  
  192  9:25  Hatchery  
  192  9:29  Zergling x2  
  192  9:30  Zergling x16  
  197  9:34  Baneling x8  
  197  9:38  Drone x2  
  199  9:45  Baneling  
  199  9:46  Baneling x18  
  199  9:48  Overlord  
  199  9:52  Zergling x2  
  192  10:01  Zergling x16  
  192  10:05  Zergling x16  
  198  10:08  Zergling x4  
  198  10:13  Zergling x14  
  195  10:16  Adrenal Glands  
  195  10:17  Ultralisk Cavern  
  195  10:19  Viper  
  197  10:28  Baneling x14  
  197  10:33  Baneling  
  197  10:34  Baneling x20  
  197  10:40  Baneling x8  
  197  10:44  Zerg Melee Weapons Level 2  
  197  10:47  Zergling x4  
  199  10:50  Extractor, Hatchery  
  192  11:07  Chitinous Plating  
  192  11:08  Zerg Ground Armor Level 3  
  192  11:12  Drone x7  
  199  11:21  Spore Crawler  
  199  11:22  Spore Crawler  
  197  11:31  Ultralisk x2, Zergling x10  
  195  11:36  Spore Crawler x2  
  191  11:46  Zergling x16  
  196  12:08  Zergling x16  
  199  12:24  Spore Crawler  
  199  12:25  Spine Crawler  
  199  12:26  Spore Crawler  
  199  12:27  Hatchery  
  194  12:33  Zergling x32  
  189  12:38  Zergling x24  
  189  12:40  Zergling x10  
  189  12:41  Zergling x6  
  194  12:47  Anabolic Synthesis  
  194  12:48  Zergling x2  
  194  12:49  Ultralisk x2  
  200  12:57  Baneling x20  
  200  12:58  Baneling x5  
  199  13:08  Zergling x10  
  199  13:09  Baneling x19  
  199  13:12  Overseer  
  192  13:20  Zergling x14  
  192  13:21  Zergling x2  
  192  13:26  Ultralisk  
  193  13:27  Zergling x18  
  193  13:31  Zergling x28  
  197  13:40  Overseer  
  195  13:42  Zergling x10  
  195  13:43  Baneling  
  195  13:44  Baneling x25  
  199  13:55  Baneling x9  
  199  14:01  Zergling x2  
  193  14:06  Zergling x28  
Tags
 
Add a new tag
Caveats
  • Supply blocks, unpowered buildings, or Contaminate may cause inaccurate times.
  • Supply counts are checked every 10 seconds.